Islanders vs Bruins

Created - November 15, 2025 at 23:42

Goals
1 2 3 T
Islanders 0 1 1 2
Bruins 0 1 0 1
Shots
1 2 3 T
Islanders 11 11 11 33
Bruins 9 14 4 27

1st period

No Goal

Penalties :
John Quenneville (Bos) for High sticking (Minor) at 6:11, Beau Bennett (Bos) for Tripping (Minor) at 9:53

2nd period

1. Islanders , Vladimir Tarasenko 2 (Garnet Hathaway 2, Emerson Etem 1) at 7:15
2. Bruins , Gabriel Landeskog 3 (Alexander Wennberg 6) at 19:23

Penalties :
Brayden Schenn (NyI) for Cross-checking (Minor) at 12:18

3rd period

3. Islanders , Garnet Hathaway 1 (Ryan Ellis 3, Michael Latta 1) at 8:58

Penalties :
Alexander Wennberg (Bos) for High sticking (Minor) at 10:18, Jason Demers (Bos) for Cross-checking (Minor) at 14:19

Goalie Stats

John Gibson (NyI), 26 saves from 27 shots - (0.963), W, 2-2-1, 60:00 minutes
Kevin Poulin (Bos), 31 saves from 33 shots - (0.939), L, 2-2-1, 59:24 minutes

Players Stats for Islanders

Player Name              G  A  P  +/- PIM S  H  SB GA TA FO     MP     PP MP  PK MP  
------------------------------------------------------------------------------------
Brandon Sutter           0  0  0   0  0   1  1  0  0  2  7/12   17:29   3:31   0:50 
Brayden Schenn           0  0  0   0  2   0  4  1  0  0  13/24  20:58   4:22   0:00 
Brian Ferlin             0  0  0   0  0   1  1  0  1  0  0/0     7:41   0:03   0:00 
Brock McGinn             0  0  0   0  0   1  2  1  0  0  2/2    21:43   4:20   0:54 
Emerson Etem             0  1  1   1  0   1  0  0  0  0  0/0    13:42   0:00   1:00 
Gabriel Carlsson         0  0  0   1  0   1  0  0  0  0  0/0    11:31   0:00   0:00 
Garnet Hathaway          1  1  2   1  0   2  2  1  0  0  0/1    12:48   0:05   0:00 
Jakob Silfverberg        0  0  0   0  0   2  1  0  0  0  1/2    16:39   3:31   0:00 
Joe Labate               0  0  0   0  0   3  1  0  0  0  1/2     7:54   0:00   0:09 
Jordan Greenway          0  0  0   0  0   0  0  0  0  0  0/0     7:50   0:00   0:05 
Kellan Lain              0  0  0   0  0   3  0  0  0  0  1/1    16:39   3:31   0:00 
Kevin Shattenkirk        0  0  0   0  0   3  2  0  0  0  0/0    21:01   3:10   0:53 
Michael Latta            0  1  1   1  0   4  1  0  1  0  2/6    12:45   0:03   0:00 
Nikita Zadorov           0  0  0   0  0   1  0  4  1  0  0/0    27:28   4:46   1:06 
Oliver Kylington         0  0  0   0  0   0  0  1  0  0  0/0    21:01   3:10   0:53 
Ryan Ellis               0  1  1   0  0   6  1  1  0  0  0/0    27:28   4:46   1:06 
Slater Koekkoek          0  0  0   1  0   1  1  1  0  0  0/0    11:31   0:00   0:00 
Vladimir Tarasenko       1  0  1   0  0   3  0  0  0  1  3/5    21:52   4:22   1:00 

Players Stats for Bruins

Player Name              G  A  P  +/- PIM S  H  SB GA TA FO     MP     PP MP  PK MP  
------------------------------------------------------------------------------------
Adam Pelech              0  0  0   0  0   0  0  0  0  0  0/0    14:11   0:00   0:59 
Alexander Wennberg       0  1  1   1  2   2  1  0  0  0  12/30  21:17   1:07   3:24 
Andreas Athanasiou       0  0  0   0  0   1  1  0  0  0  0/0     9:54   0:00   0:00 
Beau Bennett             0  0  0   0  2   1  2  1  0  0  0/0     9:04   0:00   0:00 
Brett Pesce              0  0  0   0  0   2  2  1  0  0  0/0    13:08   0:00   0:00 
Casey Cizikas            0  0  0   0  0   0  0  1  0  0  3/3    11:19   0:00   1:17 
David Backes             0  0  0  -2  0   1  0  1  1  1  0/0    15:05   0:52   0:00 
Derick Brassard          0  0  0   0  0   2  0  0  0  0  0/0    11:20   0:00   1:18 
Eric Wellwood            0  0  0   0  0   1  0  1  0  0  0/1     9:03   0:00   0:03 
Gabriel Landeskog        1  0  1   1  0   4  1  0  1  0  0/1    22:29   1:07   4:37 
Jason Demers             0  0  0   0  2   2  2  3  0  1  0/0    26:09   1:02   3:43 
John Quenneville         0  0  0   0  2   2  0  1  0  0  2/5     9:14   0:00   0:13 
Jonathan Toews           0  0  0  -2  0   0  2  1  0  0  8/14   18:12   0:52   3:02 
Josh Manson              0  0  0  -1  0   1  2  2  0  0  0/0    19:43   0:57   3:14 
Madison Bowey            0  0  0   0  0   1  2  0  1  0  0/0    27:36   1:02   5:09 
Torey Krug               0  0  0  -1  0   1  1  0  0  1  0/0    19:16   0:57   2:47 
Wojtek Wolski            0  0  0  -2  0   4  4  0  0  0  0/0    17:08   0:52   1:58 
Zack Kassian             0  0  0   1  0   2  0  0  0  0  0/1    17:52   1:07   0:00 

3 Stars

1 - Garnet Hathaway (NyI)
2 - John Gibson (NyI)
3 - Gabriel Landeskog (Bos)

Power Play

Islanders - 0 on 4 Attempt(s) - 0.00%
Bruins - 0 on 1 Attempt(s) - 0.00%

Penalty Kill

Islanders - 1 on 1 Attempt(s) - 100.00% - Score 0 goal in Penalty Kill
Bruins - 4 on 4 Attempt(s) - 100.00% - Score 0 goal in Penalty Kill

Team Stat

Islanders - Hits : 17 - Faceoff Wins : 30 - Blocked Shots : 10 - Penalty Minutes : 2
Bruins - Hits : 20 - Faceoff Wins : 25 - Blocked Shots : 12 - Penalty Minutes : 8

Official

Referees : Jacob Brenk and Beaudry Halkidis
Linesman : Devin Berg and Ryan Galloway

Game Notes

No Game Note

Finance

Level 1 -- Attendance: 5963 (99.38%) -- Ticket Income $596,300
Level 2 -- Attendance: 4908 (98.16%) -- Ticket Income $343,560
Level 3 -- Attendance: 1984 (99.20%) -- Ticket Income $79,360
Level 4 -- Attendance: 3910 (97.75%) -- Ticket Income $117,300
Luxury Box -- Attendance: 958 (95.80%) -- Ticket Income $191,600
Game was played at the TD Garden.
Total Attendance: 17723 (98.46%)
Total Ticket Income: $1,328,120
Other Income: $199,218
Total Income: $1,527,338

Islanders

5 vs 5 Forward 
   Center                   Left Wing                Right Wing               Time % Phy DF OF 
 1 Brayden Schenn           Brock McGinn             Vladimir Tarasenko       40     1   2  2  
 2 Brandon Sutter           Kellan Lain              Jakob Silfverberg        30     1   2  2  
 3 Michael Latta            Emerson Etem             Garnet Hathaway          20     1   2  2  
 4 Joe Labate               Jordan Greenway          Brian Ferlin             10     1   2  2  

5 vs 5 Defense 
   Defense                  Defense                                           Time % Phy DF OF 
 1 Ryan Ellis               Nikita Zadorov                                    40     1   2  2  
 2 Kevin Shattenkirk        Oliver Kylington                                  30     1   2  2  
 3 Gabriel Carlsson         Slater Koekkoek                                   20     1   2  2  
 4 Ryan Ellis               Nikita Zadorov                                    10     1   2  2  

PowerPlay Forward 
   Center                   Left Wing                Right Wing               Time % Phy DF OF 
 1 Brayden Schenn           Brock McGinn             Vladimir Tarasenko       60     1   2  2  
 2 Brandon Sutter           Kellan Lain              Jakob Silfverberg        40     1   2  2  

PowerPlay Defense
   Defense                  Defense                                           Time % Phy DF OF 
 1 Ryan Ellis               Nikita Zadorov                                    60     1   2  2  
 2 Kevin Shattenkirk        Oliver Kylington                                  40     1   2  2  

Penalty Kill 4 Players Forward 
   Center                   Wing                     Time % Phy DF OF 
 1 Vladimir Tarasenko       Brayden Schenn           60     1   2  2  
 2 Jakob Silfverberg        Brock McGinn             40     1   2  2  

Penalty Kill 4 Players Defense
   Defense                  Defense                  Time % Phy DF OF 
 1 Ryan Ellis               Nikita Zadorov           60     1   2  2  
 2 Kevin Shattenkirk        Oliver Kylington         40     1   2  2  

Penalty Kill - 3 Players Forward 
   Forward                                           Time % Phy DF OF 
 1 Vladimir Tarasenko                                60     1   2  2  
 2 Brayden Schenn                                    40     1   2  2  

Penalty Kill - 3 Players Defense
   Defense                  Defense                  Time % Phy DF OF 
 1 Ryan Ellis               Nikita Zadorov           60     1   2  2  
 2 Kevin Shattenkirk        Oliver Kylington         40     1   2  2  

4 vs 4 Forward 
   Center                   Wing                     Time % Phy DF OF 
 1 Vladimir Tarasenko       Brayden Schenn           60     1   2  2  
 2 Jakob Silfverberg        Brock McGinn             40     1   2  2  

4 vs 4 Defense
   Defense                  Defense                  Time % Phy DF OF 
 1 Ryan Ellis               Nikita Zadorov           60     1   2  2  
 2 Kevin Shattenkirk        Oliver Kylington         40     1   2  2  

Last Minutes Offensive
   Center                   Left Wing                Right Wing               Defense                  Defense                  
   Brayden Schenn           Brock McGinn             Vladimir Tarasenko       Ryan Ellis               Nikita Zadorov           

Last Minutes Defensive
   Center                   Left Wing                Right Wing               Defense                  Defense                  
   Brayden Schenn           Brock McGinn             Vladimir Tarasenko       Ryan Ellis               Nikita Zadorov           

Goaltenders
Starting : John Gibson              
Backup : Kaapo Kahkonen           

Extra Forwards
Normal : Garnet Hathaway, Michael Latta, Emerson Etem - PP : Garnet Hathaway, Michael Latta - PK : Emerson Etem
Extra Defensemen
Normal : Gabriel Carlsson, Slater Koekkoek, Kevin Shattenkirk - PP : Gabriel Carlsson - PK : Slater Koekkoek, Kevin Shattenkirk
Penalty Shots
Vladimir Tarasenko, Brayden Schenn, Jakob Silfverberg, Brock McGinn, Brandon Sutter
Custom OT Lines Forwards
Vladimir Tarasenko, Brayden Schenn, Jakob Silfverberg, Brock McGinn, Brandon Sutter, Kellan Lain, Garnet Hathaway, Michael Latta, Emerson Etem, Brian Ferlin
Custom OT Lines Defensemen
Ryan Ellis, Nikita Zadorov, Kevin Shattenkirk, Oliver Kylington, Gabriel Carlsson

Scratches
Dylan McIlrath (Left Eye Injury), Yann Sauvé (Left Ankle Injury)

Bruins

5 vs 5 Forward 
   Center                   Left Wing                Right Wing               Time % Phy DF OF 
 1 Alexander Wennberg       Gabriel Landeskog        Zack Kassian             40     1   2  2  
 2 Jonathan Toews           Wojtek Wolski            David Backes             30     1   2  2  
 3 Casey Cizikas            Derick Brassard          Andreas Athanasiou       20     1   1  3  
 4 John Quenneville         Eric Wellwood            Beau Bennett             10     1   2  2  

5 vs 5 Defense 
   Defense                  Defense                                           Time % Phy DF OF 
 1 Jason Demers             Madison Bowey                                     40     2   2  1  
 2 Torey Krug               Josh Manson                                       30     2   2  1  
 3 Adam Pelech              Brett Pesce                                       20     2   2  1  
 4 Jason Demers             Madison Bowey                                     10     2   2  1  

PowerPlay Forward 
   Center                   Left Wing                Right Wing               Time % Phy DF OF 
 1 Alexander Wennberg       Gabriel Landeskog        Zack Kassian             60     0   2  3  
 2 Jonathan Toews           Wojtek Wolski            David Backes             40     0   2  3  

PowerPlay Defense
   Defense                  Defense                                           Time % Phy DF OF 
 1 Jason Demers             Madison Bowey                                     60     0   2  3  
 2 Torey Krug               Josh Manson                                       40     1   2  2  

Penalty Kill 4 Players Forward 
   Center                   Wing                     Time % Phy DF OF 
 1 Alexander Wennberg       Gabriel Landeskog        60     0   3  2  
 2 Jonathan Toews           Wojtek Wolski            40     0   3  2  

Penalty Kill 4 Players Defense
   Defense                  Defense                  Time % Phy DF OF 
 1 Jason Demers             Madison Bowey            60     1   2  2  
 2 Torey Krug               Josh Manson              40     1   2  2  

Penalty Kill - 3 Players Forward 
   Forward                                           Time % Phy DF OF 
 1 Alexander Wennberg                                60     0   3  2  
 2 Jonathan Toews                                    40     0   3  2  

Penalty Kill - 3 Players Defense
   Defense                  Defense                  Time % Phy DF OF 
 1 Jason Demers             Madison Bowey            60     0   4  1  
 2 Torey Krug               Josh Manson              40     0   4  1  

4 vs 4 Forward 
   Center                   Wing                     Time % Phy DF OF 
 1 Alexander Wennberg       Gabriel Landeskog        60     1   2  2  
 2 Jonathan Toews           Wojtek Wolski            40     1   2  2  

4 vs 4 Defense
   Defense                  Defense                  Time % Phy DF OF 
 1 Jason Demers             Madison Bowey            60     1   2  2  
 2 Torey Krug               Josh Manson              40     1   2  2  

Last Minutes Offensive
   Center                   Left Wing                Right Wing               Defense                  Defense                  
   Alexander Wennberg       Gabriel Landeskog        Zack Kassian             Jason Demers             Madison Bowey            

Last Minutes Defensive
   Center                   Left Wing                Right Wing               Defense                  Defense                  
   Alexander Wennberg       Gabriel Landeskog        Zack Kassian             Jason Demers             Madison Bowey            

Goaltenders
Starting : Kevin Poulin             
Backup : Tuukka Rask              

Extra Forwards
Normal : Jonathan Toews, David Backes, Derick Brassard - PP : Jonathan Toews, David Backes - PK : Jonathan Toews
Extra Defensemen
Normal : Josh Manson, Adam Pelech, Brett Pesce - PP : Josh Manson - PK : Josh Manson, Adam Pelech
Penalty Shots
Gabriel Landeskog, Zack Kassian, Wojtek Wolski, Alexander Wennberg, Jonathan Toews
Custom OT Lines Forwards
Gabriel Landeskog, Zack Kassian, Wojtek Wolski, Alexander Wennberg, Jonathan Toews, David Backes, Derick Brassard, Casey Cizikas, Andreas Athanasiou, Beau Bennett
Custom OT Lines Defensemen
Jason Demers, Madison Bowey, Torey Krug, Josh Manson, Adam Pelech

Scratches
Noah Juulsen (Healthy)

% Time on Ice - Islanders

Lines # - Real PCT - Wanted PCT - Time Play
Normal Forward
1 - 32% - 40% - 15:26
2 - 27% - 30% - 13:08
3 - 26% - 20% - 12:42
4 - 16% - 10% - 7:38
Normal Defense
1 - 40% - 40% - 19:29
2 - 32% - 30% - 15:47
3 - 24% - 20% - 11:31
4 - 4% - 10% - 2:07
PP Forward
1 - 56% - 60% - 4:25
2 - 44% - 40% - 3:31
PP Defense
1 - 60% - 60% - 4:46
2 - 40% - 40% - 3:10
PK Forward
1 - 100% - 60% - 1:59
2 - 0% - 40% - 0:00
PK Defense
1 - 55% - 60% - 1:06
2 - 45% - 40% - 0:53
PK3 Forward
1 - 0% - 60%
2 - 0% - 40%
PK3 Defense
1 - 0% - 60%
2 - 0% - 40%
44 Forward
1 - 0% - 60%
2 - 0% - 40%
44 Defense
1 - 0% - 60%
2 - 0% - 40%
Last Minute Offensive  - 0:00
Last Minute Defensive  - 1:11
Total
Forward - 60:00
Defense - 60:00

% Time on Ice - Bruins

Lines # - Real PCT - Wanted PCT - Time Play
Normal Forward
1 - 32% - 40% - 15:41
2 - 29% - 30% - 14:18
3 - 20% - 20% - 9:54
4 - 18% - 10% - 9:00
Normal Defense
1 - 36% - 40% - 17:49
2 - 32% - 30% - 15:32
3 - 27% - 20% - 13:08
4 - 5% - 10% - 2:24
PP Forward
1 - 56% - 60% - 1:07
2 - 44% - 40% - 0:52
PP Defense
1 - 52% - 60% - 1:02
2 - 48% - 40% - 0:57
PK Forward
1 - 75% - 60% - 5:58
2 - 25% - 40% - 1:58
PK Defense
1 - 65% - 60% - 5:09
2 - 35% - 40% - 2:47
PK3 Forward
1 - 0% - 60%
2 - 0% - 40%
PK3 Defense
1 - 0% - 60%
2 - 0% - 40%
44 Forward
1 - 0% - 60%
2 - 0% - 40%
44 Defense
1 - 0% - 60%
2 - 0% - 40%
Last Minute Offensive  - 1:12
Last Minute Defensive  - 0:00
Total
Forward - 60:00
Defense - 60:00

Play-by-Play

1st period


0:01 of 1st period - Brayden Schenn wins face-off versus Alexander Wennberg in neutral zone.
0:04 of 1st period - Jason Demers is hit by Brayden Schenn and loses puck.
0:48 of 1st period - Madison Bowey is hit by Joe Labate and loses puck.
1:14 of 1st period - Slapshot by Kellan Lain.
1:14 of 1st period - Stopped by Kevin Poulin with a rebound.
1:33 of 1st period - Slapshot by Madison Bowey.
1:33 of 1st period - Shot Blocked by Nikita Zadorov.
1:35 of 1st period - Slapshot by Madison Bowey.
1:35 of 1st period - Deflect By David Backes.
1:35 of 1st period - Stopped by John Gibson with a rebound.
1:37 of 1st period - Slapshot by Jason Demers.
1:37 of 1st period - Stopped by John Gibson without a rebound.
1:38 of 1st period - Casey Cizikas wins face-off versus Brandon Sutter in Islanders zone.
2:12 of 1st period - Snap shot by David Backes.
2:12 of 1st period - Shot Misses the Net.
2:26 of 1st period - Wrist shot by Brian Ferlin.
2:26 of 1st period - Stopped by Kevin Poulin with a rebound.
3:08 of 1st period - Snap shot by Kellan Lain.
3:08 of 1st period - Stopped by Kevin Poulin with a rebound.
3:10 of 1st period - Slapshot by Slater Koekkoek.
3:10 of 1st period - Stopped by Kevin Poulin with a rebound.
3:12 of 1st period - Snap shot by Gabriel Carlsson.
3:12 of 1st period - Stopped by Kevin Poulin without a rebound.
3:13 of 1st period - John Quenneville wins face-off versus Brayden Schenn in Bruins zone.
3:13 of 1st period - John Quenneville is hit by Brayden Schenn.
3:21 of 1st period - Wrist shot by Eric Wellwood.
3:21 of 1st period - Shot Misses the Net.
4:04 of 1st period - Wrist shot by Wojtek Wolski.
4:04 of 1st period - Stopped by John Gibson without a rebound.
4:05 of 1st period - Jonathan Toews wins face-off versus Joe Labate in Islanders zone.
4:20 of 1st period - David Backes is hit by Brian Ferlin.
4:32 of 1st period - Zack Kassian is hit by Brock McGinn and loses puck.
5:17 of 1st period - Snap shot by John Quenneville.
5:17 of 1st period - Stopped by John Gibson without a rebound.
5:18 of 1st period - Vladimir Tarasenko wins face-off versus Eric Wellwood in Islanders zone.
6:11 of 1st period - Minor Penalty to John Quenneville for High sticking.
6:12 of 1st period - Alexander Wennberg wins face-off versus Vladimir Tarasenko in Bruins zone.
6:30 of 1st period - Jason Demers is hit by Brayden Schenn.
8:11 of 1st period - Penalty to John Quenneville is over, John Quenneville is back on ice.
8:32 of 1st period - Joe Labate is hit by Beau Bennett and loses puck.
8:52 of 1st period - Snap shot by Garnet Hathaway.
8:52 of 1st period - Shot Blocked by Josh Manson.
8:54 of 1st period - Snap shot by Garnet Hathaway.
8:54 of 1st period - Shot Misses the Net.
9:17 of 1st period - Brock McGinn is hit by Josh Manson and loses puck.
9:28 of 1st period - Slapshot by Jordan Greenway.
9:28 of 1st period - Shot Misses the Net.
9:30 of 1st period - Snap shot by Joe Labate.
9:30 of 1st period - Stopped by Kevin Poulin with a rebound.
9:53 of 1st period - Minor Penalty to Beau Bennett for Tripping.
9:54 of 1st period - Alexander Wennberg wins face-off versus Brayden Schenn in Bruins zone.
10:11 of 1st period - Wrist shot by Vladimir Tarasenko.
10:11 of 1st period - Deflect By Brayden Schenn.
10:11 of 1st period - Shot Misses the Net.
10:11 of 1st period - Puck is out of play.
10:12 of 1st period - Brandon Sutter wins face-off versus Alexander Wennberg in Bruins zone.
10:39 of 1st period - Brayden Schenn is hit by Wojtek Wolski and loses puck.
11:12 of 1st period - Jonathan Toews is hit by Brayden Schenn and loses puck.
11:27 of 1st period - Brandon Sutter is hit by Alexander Wennberg and loses puck.
11:53 of 1st period - Penalty to Beau Bennett is over, Beau Bennett is back on ice.
12:05 of 1st period - Snap shot by Andreas Athanasiou.
12:05 of 1st period - Deflect By Derick Brassard.
12:05 of 1st period - Stopped by John Gibson with a rebound.
12:21 of 1st period - Slapshot by Ryan Ellis.
12:21 of 1st period - Stopped by Kevin Poulin with a rebound.
12:23 of 1st period - Wrist shot by Joe Labate.
12:23 of 1st period - Stopped by Kevin Poulin with a rebound.
12:25 of 1st period - Snap shot by Brian Ferlin.
12:25 of 1st period - Shot Misses the Net.
12:27 of 1st period - Slapshot by Nikita Zadorov.
12:27 of 1st period - Stopped by Kevin Poulin without a rebound.
12:28 of 1st period - John Quenneville wins face-off versus Michael Latta in Bruins zone.
12:54 of 1st period - Kellan Lain is hit by Jason Demers and loses puck.
13:43 of 1st period - Slater Koekkoek is hit by Josh Manson and loses puck.
14:02 of 1st period - Madison Bowey is hit by Michael Latta and loses puck.
16:00 of 1st period - Jonathan Toews is hit by Garnet Hathaway and loses puck.
16:20 of 1st period - Snap shot by David Backes.
16:20 of 1st period - Shot Misses the Net.
16:31 of 1st period - Wrist shot by David Backes.
16:31 of 1st period - Shot Blocked by Slater Koekkoek.
16:33 of 1st period - Slapshot by Jason Demers.
16:33 of 1st period - Deflect By Wojtek Wolski.
16:33 of 1st period - Shot Misses the Net.
16:33 of 1st period - Puck is out of play.
16:34 of 1st period - Brayden Schenn wins face-off versus Alexander Wennberg in Islanders zone.
16:34 of 1st period - Brayden Schenn is hit by Torey Krug.
17:27 of 1st period - Backhand shot by Brian Ferlin.
17:27 of 1st period - Shot Misses the Net.
17:29 of 1st period - Snap shot by Joe Labate.
17:29 of 1st period - Shot Misses the Net.
17:31 of 1st period - Slapshot by Oliver Kylington.
17:31 of 1st period - Shot Blocked by Brett Pesce.
17:33 of 1st period - Slapshot by Oliver Kylington.
17:33 of 1st period - Deflect By Brian Ferlin.
17:33 of 1st period - Shot Blocked by John Quenneville.
17:33 of 1st period - Puck is out of play.
17:34 of 1st period - Alexander Wennberg wins face-off versus Brayden Schenn in Bruins zone.
18:13 of 1st period - Snap shot by Andreas Athanasiou.
18:13 of 1st period - Stopped by John Gibson without a rebound.
18:14 of 1st period - Brayden Schenn wins face-off versus Alexander Wennberg in Islanders zone.
18:19 of 1st period - Backhand shot by Alexander Wennberg.
18:19 of 1st period - Shot Blocked by Ryan Ellis.
18:21 of 1st period - Slapshot by Madison Bowey.
18:21 of 1st period - Shot Blocked by Nikita Zadorov.
18:23 of 1st period - Snap shot by Alexander Wennberg.
18:23 of 1st period - Shot Blocked by Nikita Zadorov.
18:29 of 1st period - Wrist shot by Zack Kassian.
18:29 of 1st period - Stopped by John Gibson without a rebound.
18:30 of 1st period - Jakob Silfverberg wins face-off versus Alexander Wennberg in Islanders zone.
18:45 of 1st period - Wrist shot by Brandon Sutter.
18:45 of 1st period - Stopped by Kevin Poulin with a rebound.
18:59 of 1st period - Snap shot by Jakob Silfverberg.
18:59 of 1st period - Shot Misses the Net.
19:01 of 1st period - Slapshot by Ryan Ellis.
19:01 of 1st period - Stopped by Kevin Poulin without a rebound.
19:02 of 1st period - Brock McGinn wins face-off versus Jonathan Toews in Bruins zone.
19:03 of 1st period - Snap shot by Vladimir Tarasenko.
19:03 of 1st period - Shot Misses the Net.
19:17 of 1st period - Snap shot by Wojtek Wolski.
19:17 of 1st period - Stopped by John Gibson without a rebound.
19:18 of 1st period - Alexander Wennberg wins face-off versus Brandon Sutter in Islanders zone.
19:29 of 1st period - Snap shot by Alexander Wennberg.
19:29 of 1st period - Shot Misses the Net.
19:31 of 1st period - Wrist shot by Gabriel Landeskog.
19:31 of 1st period - Stopped by John Gibson without a rebound.
19:32 of 1st period - Brayden Schenn wins face-off versus Alexander Wennberg in Islanders zone.
19:32 of 1st period - Brayden Schenn is hit by Jason Demers.
Goals for this period are 0 for Islanders vs 0 for Bruins.
Shots for this period are 11 for Islanders vs 9 for Bruins.

2nd period


0:01 of 2nd period - Alexander Wennberg wins face-off versus Brayden Schenn in neutral zone.
0:58 of 2nd period - Backhand shot by Derick Brassard.
0:58 of 2nd period - Shot Misses the Net.
1:00 of 2nd period - Snap shot by Jason Demers.
1:00 of 2nd period - Stopped by John Gibson with a rebound.
1:16 of 2nd period - Slapshot by Kevin Shattenkirk.
1:16 of 2nd period - Shot Blocked by Josh Manson.
1:18 of 2nd period - Slapshot by Vladimir Tarasenko.
1:18 of 2nd period - Stopped by Kevin Poulin without a rebound.
1:19 of 2nd period - Vladimir Tarasenko wins face-off versus Alexander Wennberg in Bruins zone.
1:46 of 2nd period - Brock McGinn is hit by Jonathan Toews and loses puck.
2:03 of 2nd period - Snap shot by Brock McGinn.
2:03 of 2nd period - Shot Misses the Net.
2:14 of 2nd period - Backhand shot by Vladimir Tarasenko.
2:14 of 2nd period - Stopped by Kevin Poulin without a rebound.
2:15 of 2nd period - Brandon Sutter wins face-off versus Alexander Wennberg in Bruins zone.
2:27 of 2nd period - Icing by Oliver Kylington.
2:28 of 2nd period - Kellan Lain wins face-off versus Alexander Wennberg in Islanders zone.
2:47 of 2nd period - Wrist shot by Oliver Kylington.
2:47 of 2nd period - Shot Blocked by Jason Demers.
3:02 of 2nd period - Off-side.
3:03 of 2nd period - Jonathan Toews wins face-off versus Garnet Hathaway in neutral zone.
3:08 of 2nd period - Wrist shot by David Backes.
3:08 of 2nd period - Shot Blocked by Garnet Hathaway.
3:10 of 2nd period - Snap shot by David Backes.
3:10 of 2nd period - Shot Misses the Net.
3:12 of 2nd period - Snap shot by Wojtek Wolski.
3:12 of 2nd period - Stopped by John Gibson with a rebound.
3:14 of 2nd period - Snap shot by Wojtek Wolski.
3:14 of 2nd period - Shot Hit the Post.
3:16 of 2nd period - Wrist shot by Wojtek Wolski.
3:16 of 2nd period - Shot Blocked by Nikita Zadorov.
3:18 of 2nd period - Snap shot by Jonathan Toews.
3:18 of 2nd period - Shot Misses the Net.
3:30 of 2nd period - Snap shot by Derick Brassard.
3:30 of 2nd period - Stopped by John Gibson with a rebound.
3:38 of 2nd period - Slapshot by Nikita Zadorov.
3:38 of 2nd period - Shot Misses the Net.
3:40 of 2nd period - Slapshot by Emerson Etem.
3:40 of 2nd period - Stopped by Kevin Poulin with a rebound.
3:42 of 2nd period - Snap shot by Michael Latta.
3:42 of 2nd period - Stopped by Kevin Poulin with a rebound.
3:44 of 2nd period - Snap shot by Michael Latta.
3:44 of 2nd period - Stopped by Kevin Poulin with a rebound.
3:46 of 2nd period - Slapshot by Ryan Ellis.
3:46 of 2nd period - Deflect By Casey Cizikas.
3:46 of 2nd period - Stopped by Kevin Poulin without a rebound.
3:47 of 2nd period - Brayden Schenn wins face-off versus Alexander Wennberg in Bruins zone.
3:48 of 2nd period - Backhand shot by Vladimir Tarasenko.
3:48 of 2nd period - Shot Misses the Net.
4:04 of 2nd period - Snap shot by Gabriel Landeskog.
4:04 of 2nd period - Stopped by John Gibson without a rebound.
4:05 of 2nd period - Brandon Sutter wins face-off versus Jonathan Toews in Islanders zone.
4:12 of 2nd period - Snap shot by Kellan Lain.
4:12 of 2nd period - Stopped by Kevin Poulin without a rebound.
4:13 of 2nd period - Brandon Sutter wins face-off versus Jonathan Toews in Bruins zone.
4:14 of 2nd period - Wrist shot by Jakob Silfverberg.
4:14 of 2nd period - Shot Blocked by David Backes.
5:34 of 2nd period - Snap shot by Jakob Silfverberg.
5:34 of 2nd period - Stopped by Kevin Poulin with a rebound.
5:45 of 2nd period - Off-side.
5:46 of 2nd period - Michael Latta wins face-off versus Alexander Wennberg in neutral zone.
5:59 of 2nd period - Snap shot by Gabriel Landeskog.
5:59 of 2nd period - Deflect By Alexander Wennberg.
5:59 of 2nd period - Stopped by John Gibson with a rebound.
6:01 of 2nd period - Wrist shot by Brett Pesce.
6:01 of 2nd period - Stopped by John Gibson without a rebound.
6:02 of 2nd period - Jonathan Toews wins face-off versus Brayden Schenn in Islanders zone.
6:29 of 2nd period - Madison Bowey is hit by Jakob Silfverberg and loses puck.
7:15 of 2nd period - Wrist shot by Vladimir Tarasenko.
7:15 of 2nd period - Goal by Vladimir Tarasenko - Islanders : 1 - Bruins : 0.
7:16 of 2nd period - Alexander Wennberg wins face-off versus Brayden Schenn in neutral zone.
7:53 of 2nd period - Icing by Jonathan Toews.
7:54 of 2nd period - Jonathan Toews wins face-off versus Brandon Sutter in Bruins zone.
8:23 of 2nd period - Snap shot by Alexander Wennberg.
8:23 of 2nd period - Shot Blocked by Brock McGinn.
8:31 of 2nd period - Alexander Wennberg is hit by Ryan Ellis and loses puck.
8:54 of 2nd period - Wrist shot by Brian Ferlin.
8:54 of 2nd period - Shot Blocked by Jason Demers.
10:30 of 2nd period - Slapshot by Oliver Kylington.
10:30 of 2nd period - Deflect By Garnet Hathaway.
10:30 of 2nd period - Stopped by Kevin Poulin without a rebound.
10:31 of 2nd period - Michael Latta wins face-off versus John Quenneville in Bruins zone.
10:40 of 2nd period - Slapshot by Garnet Hathaway.
10:40 of 2nd period - Shot Blocked by Beau Bennett.
10:53 of 2nd period - Icing by Torey Krug.
10:54 of 2nd period - Brayden Schenn wins face-off versus John Quenneville in Bruins zone.
11:21 of 2nd period - Snap shot by Beau Bennett.
11:21 of 2nd period - Deflect By Eric Wellwood.
11:21 of 2nd period - Stopped by John Gibson with a rebound.
11:27 of 2nd period - Wrist shot by Beau Bennett.
11:27 of 2nd period - Shot Misses the Net.
11:29 of 2nd period - Slapshot by John Quenneville.
11:29 of 2nd period - Stopped by John Gibson with a rebound.
11:31 of 2nd period - Slapshot by Beau Bennett.
11:31 of 2nd period - Shot Blocked by Brayden Schenn.
11:33 of 2nd period - Wrist shot by Beau Bennett.
11:33 of 2nd period - Stopped by John Gibson without a rebound.
11:34 of 2nd period - Brandon Sutter wins face-off versus Alexander Wennberg in Islanders zone.
12:01 of 2nd period - Jason Demers is hit by Kevin Shattenkirk and loses puck.
12:08 of 2nd period - Snap shot by Michael Latta.
12:08 of 2nd period - Shot Misses the Net.
12:10 of 2nd period - Slapshot by Kevin Shattenkirk.
12:10 of 2nd period - Stopped by Kevin Poulin without a rebound.
12:11 of 2nd period - Brayden Schenn wins face-off versus Alexander Wennberg in Bruins zone.
12:18 of 2nd period - Minor Penalty to Brayden Schenn for Cross-checking.
12:19 of 2nd period - Vladimir Tarasenko wins face-off versus Alexander Wennberg in Islanders zone.
14:18 of 2nd period - Penalty to Brayden Schenn is over, Brayden Schenn is back on ice.
14:37 of 2nd period - Slater Koekkoek is hit by Andreas Athanasiou and loses puck.
14:48 of 2nd period - Gabriel Carlsson is hit by Beau Bennett and loses puck.
15:20 of 2nd period - Icing by Jonathan Toews.
15:21 of 2nd period - Casey Cizikas wins face-off versus Brandon Sutter in Bruins zone.
16:27 of 2nd period - Slapshot by Andreas Athanasiou.
16:27 of 2nd period - Shot Misses the Net.
16:29 of 2nd period - Slapshot by Torey Krug.
16:29 of 2nd period - Stopped by John Gibson with a rebound.
16:31 of 2nd period - Slapshot by Josh Manson.
16:31 of 2nd period - Shot Misses the Net.
16:33 of 2nd period - Slapshot by Josh Manson.
16:33 of 2nd period - Stopped by John Gibson without a rebound.
16:34 of 2nd period - Brock McGinn wins face-off versus Alexander Wennberg in Islanders zone.
16:51 of 2nd period - Snap shot by Gabriel Landeskog.
16:51 of 2nd period - Stopped by John Gibson with a rebound.
17:01 of 2nd period - Brayden Schenn is hit by Brett Pesce and loses puck.
17:09 of 2nd period - Off-side.
17:10 of 2nd period - Alexander Wennberg wins face-off versus Jakob Silfverberg in neutral zone.
19:06 of 2nd period - Michael Latta is hit by Wojtek Wolski.
19:09 of 2nd period - Off-side.
19:10 of 2nd period - Jonathan Toews wins face-off versus Michael Latta in neutral zone.
19:21 of 2nd period - Wrist shot by Wojtek Wolski.
19:21 of 2nd period - Stopped by John Gibson without a rebound.
19:22 of 2nd period - Alexander Wennberg wins face-off versus Brayden Schenn in Islanders zone.
19:23 of 2nd period - Wrist shot by Gabriel Landeskog.
19:23 of 2nd period - Goal by Gabriel Landeskog - Islanders : 1 - Bruins : 1.
19:24 of 2nd period - Alexander Wennberg wins face-off versus Brayden Schenn in neutral zone.
Goals for this period are 1 for Islanders vs 1 for Bruins.
Shots for this period are 11 for Islanders vs 14 for Bruins.

3rd period


0:01 of 3rd period - Brayden Schenn wins face-off versus Gabriel Landeskog in neutral zone.
1:35 of 3rd period - Ryan Ellis is hit by Brett Pesce and loses puck.
2:33 of 3rd period - Wrist shot by Brock McGinn.
2:33 of 3rd period - Shot Blocked by Casey Cizikas.
2:35 of 3rd period - Snap shot by Brock McGinn.
2:35 of 3rd period - Stopped by Kevin Poulin without a rebound.
2:36 of 3rd period - Brandon Sutter wins face-off versus Alexander Wennberg in Bruins zone.
3:18 of 3rd period - Michael Latta is hit by Madison Bowey and loses puck.
3:29 of 3rd period - Wrist shot by John Quenneville.
3:29 of 3rd period - Shot Misses the Net.
4:02 of 3rd period - Slapshot by Michael Latta.
4:02 of 3rd period - Stopped by Kevin Poulin with a rebound.
4:04 of 3rd period - Snap shot by Michael Latta.
4:04 of 3rd period - Stopped by Kevin Poulin without a rebound.
4:05 of 3rd period - Alexander Wennberg wins face-off versus Brandon Sutter in Bruins zone.
4:14 of 3rd period - Snap shot by Zack Kassian.
4:14 of 3rd period - Shot Misses the Net.
4:38 of 3rd period - Wrist shot by Ryan Ellis.
4:38 of 3rd period - Stopped by Kevin Poulin with a rebound.
4:40 of 3rd period - Snap shot by Joe Labate.
4:40 of 3rd period - Stopped by Kevin Poulin without a rebound.
4:41 of 3rd period - Brayden Schenn wins face-off versus Jonathan Toews in Bruins zone.
4:44 of 3rd period - Slapshot by Brock McGinn.
4:44 of 3rd period - Shot Blocked by Jason Demers.
5:06 of 3rd period - Derick Brassard is hit by Brandon Sutter and loses puck.
7:47 of 3rd period - Snap shot by Kellan Lain.
7:47 of 3rd period - Shot Misses the Net.
8:04 of 3rd period - Icing by Garnet Hathaway.
8:05 of 3rd period - Jonathan Toews wins face-off versus Michael Latta in Islanders zone.
8:54 of 3rd period - Slapshot by Garnet Hathaway.
8:54 of 3rd period - Shot Blocked by Jonathan Toews.
8:56 of 3rd period - Slapshot by Ryan Ellis.
8:56 of 3rd period - Stopped by Kevin Poulin with a rebound.
8:58 of 3rd period - Snap shot by Garnet Hathaway.
8:58 of 3rd period - Goal by Garnet Hathaway - Islanders : 2 - Bruins : 1.
8:59 of 3rd period - Brayden Schenn wins face-off versus Alexander Wennberg in neutral zone.
9:02 of 3rd period - Alexander Wennberg is hit by Kevin Shattenkirk and loses puck.
9:27 of 3rd period - Slapshot by Kevin Shattenkirk.
9:27 of 3rd period - Stopped by Kevin Poulin with a rebound.
9:29 of 3rd period - Snap shot by Kevin Shattenkirk.
9:29 of 3rd period - Deflect By Andreas Athanasiou.
9:29 of 3rd period - Stopped by Kevin Poulin without a rebound.
9:30 of 3rd period - Brandon Sutter wins face-off versus Zack Kassian in Bruins zone.
9:48 of 3rd period - Ryan Ellis is hit by Madison Bowey.
9:56 of 3rd period - Icing by Wojtek Wolski.
9:57 of 3rd period - Brayden Schenn wins face-off versus Jonathan Toews in Bruins zone.
10:07 of 3rd period - Snap shot by Wojtek Wolski.
10:07 of 3rd period - Shot Blocked by Oliver Kylington.
10:09 of 3rd period - Slapshot by Torey Krug.
10:09 of 3rd period - Deflect By Jonathan Toews.
10:09 of 3rd period - Shot Misses the Net.
10:09 of 3rd period - Puck is out of play.
10:10 of 3rd period - Brayden Schenn wins face-off versus Alexander Wennberg in Islanders zone.
10:18 of 3rd period - Minor Penalty to Alexander Wennberg for High sticking.
10:19 of 3rd period - Jonathan Toews wins face-off versus Vladimir Tarasenko in Bruins zone.
10:53 of 3rd period - Snap shot by Jakob Silfverberg.
10:53 of 3rd period - Stopped by Kevin Poulin without a rebound.
10:54 of 3rd period - Casey Cizikas wins face-off versus Brayden Schenn in Bruins zone.
11:43 of 3rd period - Kevin Shattenkirk is hit by Gabriel Landeskog.
12:18 of 3rd period - Penalty to Alexander Wennberg is over, Alexander Wennberg is back on ice.
12:36 of 3rd period - Adam Pelech is hit by Garnet Hathaway and loses puck.
13:41 of 3rd period - Slapshot by Madison Bowey.
13:41 of 3rd period - Deflect By Brian Ferlin.
13:41 of 3rd period - Stopped by John Gibson without a rebound.
13:42 of 3rd period - Joe Labate wins face-off versus John Quenneville in Islanders zone.
13:53 of 3rd period - Snap shot by Beau Bennett.
13:53 of 3rd period - Shot Misses the Net.
14:13 of 3rd period - Wrist shot by Brian Ferlin.
14:13 of 3rd period - Shot Misses the Net.
14:15 of 3rd period - Slapshot by Gabriel Carlsson.
14:15 of 3rd period - Deflect By Brian Ferlin.
14:15 of 3rd period - Shot Blocked by Eric Wellwood.
14:15 of 3rd period - Puck is out of play.
14:16 of 3rd period - Alexander Wennberg wins face-off versus Brayden Schenn in Bruins zone.
14:16 of 3rd period - Alexander Wennberg is hit by Slater Koekkoek.
14:19 of 3rd period - Minor Penalty to Jason Demers for Cross-checking.
14:20 of 3rd period - Alexander Wennberg wins face-off versus Brayden Schenn in Bruins zone.
15:00 of 3rd period - Jakob Silfverberg is hit by Wojtek Wolski and loses puck.
15:07 of 3rd period - Jakob Silfverberg is hit by Wojtek Wolski.
15:29 of 3rd period - Slapshot by Ryan Ellis.
15:29 of 3rd period - Stopped by Kevin Poulin without a rebound.
15:30 of 3rd period - Brayden Schenn wins face-off versus Jonathan Toews in Bruins zone.
16:19 of 3rd period - Penalty to Jason Demers is over, Jason Demers is back on ice.
16:30 of 3rd period - Slapshot by Brett Pesce.
16:30 of 3rd period - Stopped by John Gibson without a rebound.
16:31 of 3rd period - Jonathan Toews wins face-off versus Michael Latta in Islanders zone.
17:25 of 3rd period - Snap shot by Zack Kassian.
17:25 of 3rd period - Deflect By Alexander Wennberg.
17:25 of 3rd period - Stopped by John Gibson with a rebound.
17:27 of 3rd period - Snap shot by Zack Kassian.
17:27 of 3rd period - Stopped by John Gibson with a rebound.
17:29 of 3rd period - Snap shot by Alexander Wennberg.
17:29 of 3rd period - Shot Misses the Net.
17:39 of 3rd period - Brayden Schenn is hit by Jonathan Toews and loses puck.
19:24 of 3rd period - Bruins, Kevin Poulin is pulled from the net.
19:46 of 3rd period - Alexander Wennberg is hit by Brock McGinn.
Goals for this period are 1 for Islanders vs 0 for Bruins.
Shots for this period are 11 for Islanders vs 4 for Bruins.